 Dungeon Crawl Stone Soup version 0.28-a0-664-gc179e30c89 (webtiles) character file.

Game seed: 9072039178784433805

24322 jfcaron the Destroyer (level 13, -5/96 HPs)
             Began as a Barachi Fire Elementalist on Nov 13, 2020.
             Was an Elder of Vehumet.
             Slain by a cane toad (16 damage)
             ... on level 6 of the Lair of Beasts on Oct 16, 2021.
             The game lasted 01:25:16 (21147 turns).

jfcaron the Destroyer (Barachi Fire Elementalist)  Turns: 21147, Time: 01:25:17

Health: -5/96      AC: 11    Str:  9    XL:     13   Next: 12%
Magic:  19/25      EV: 11    Int: 21    God:    Vehumet [****..]
Gold:   494        SH:  5    Dex: 13    Spells: 10/28 levels left

rFire   + . .      SeeInvis .   r - staff of fire
rCold   + . .      Faith    .   W - +0 buckler
rNeg    . . .      Spirit   .   M - +3 leather armour {rPois}
rPois   +          Reflect  .   v - +2 helmet of the Sea {Drain Slay+6}
rElec   .          Harm     .   G - +0 cloak
rCorr   .          Rampage  .   (no gloves)
Will    .....                   (no boots)
Stlth   ++........              (no amulet)
HPRegen 0.26/turn               V - ring of protection from cold
MPRegen 0.19/turn               d - ring of wizardry

@: lethally poisoned (-5 -> -17), slow
A: amphibious, slowness 1, strong legs 2, +LOS
a: Hop, Renounce Religion


You were on level 6 of the Lair of Beasts.
You worshipped Vehumet.
Vehumet was greatly pleased with you.
You visited 2 branches of the dungeon, and saw 15 of its levels.
You also visited: Ossuary and Bailey.

You collected 804 gold pieces.
You spent 310 gold pieces at shops.

Inventory:

Hand Weapons
 J - a +4 dagger
 X - the +8 demon trident of Reapportionment {flame, rF+ SInv}
   (You found it on level 1 of the Lair of Beasts)

   It burns those it strikes, dealing additional fire damage.
   rF:        It protects you from fire.
   SInv:      It lets you see invisible.
Missiles
 m - 410 stones
 o - a throwing net {!f}
 B - 17 boomerangs
 E - 51 poisoned darts
 R - 5 boomerangs of dispersal
Armour
 s - a +0 robe of fire resistance
 v - the +2 helmet of the Sea (worn) {Drain Slay+6}
   (You took it off Robin on level 3 of the Dungeon)

   Slay:      It affects your accuracy & damage with ranged weapons and melee
   (+6).
   Drain:     It drains your maximum health when unequipped.
 z - +0 acid dragon scales
 G - a +0 cloak (worn)
 M - a +3 leather armour of poison resistance (worn)
 W - a +0 buckler (worn)
Magical Staves
 r - a staff of fire (weapon)
 P - a staff of air
Jewellery
 d - a ring of wizardry (right hand)
 w - a ring of stealth
 V - a ring of protection from cold (left hand)
Wands
 a - a wand of polymorph (5)
 C - a wand of paralysis (5)
 H - a wand of acid (12)
 Q - a wand of mindburst (10)
Scrolls
 c - a scroll of fog {unknown}
 g - 2 scrolls of vulnerability
 i - 5 scrolls of blinking
 j - 9 scrolls of teleportation
 q - 3 scrolls of amnesia
 y - 3 scrolls of fear {unknown}
 A - 2 scrolls of immolation {unknown}
 K - 3 scrolls of enchant weapon
 L - a scroll of brand weapon {unknown}
 N - 2 scrolls of enchant armour {unknown}
 O - a scroll of holy word {unknown}
 U - a scroll of magic mapping
Potions
 b - 4 potions of haste
 e - a potion of invisibility {unknown}
 f - a potion of magic {unknown}
 h - 3 potions of flight
 k - 7 potions of curing
 l - 2 potions of lignification
 n - 6 potions of berserk rage
 p - a potion of ambrosia
 t - 2 potions of resistance
 u - 6 potions of heal wounds
 x - 3 potions of cancellation
 D - 6 potions of brilliance
 F - 2 potions of attraction {unknown}
 I - 3 potions of might
 S - 3 potions of mutation


   Skills:
 - Level 7.0 Fighting
 - Level 4.4 Armour
 - Level 2.1 Dodging
 - Level 2.0 Stealth
 - Level 4.0 Shields
 - Level 8.0 Spellcasting
 + Level 14.6 Conjurations
 + Level 14.6 Fire Magic


You had 10 spell levels left.
You knew the following spells:

 Your Spells              Type           Power      Damage    Failure   Level
a - Foxfire               Conj/Fire      100%       2x1d9     1%          1
b - Conjure Flame         Conj/Fire      81%        6-21      1%          3
c - Magic Dart            Conj           100%       1d8       1%          1
d - Searing Ray           Conj           100%       2d8       1%          2
e - Fireball              Conj/Fire      40%        3d16      1%          5
f - Sticky Flame          Conj/Fire      81%        2d9       1%          4
g - Apportation           Tloc           16%        N/A       4%          1
h - Animate Skeleton      Necr           16%        N/A       4%          1

Your spell library contained the following spells:

 Spells                   Type           Power      Damage    Failure   Level
 Lightning Bolt           Conj/Air       19%        1d34      1%          5
 Freeze                   Ice            32%        1d5       1%          1
 Inner Flame              Hex/Fire       56%        N/A       1%          3
 Hailstorm                Conj/Ice       39%        3d9       1%          4
 Irradiate                Conj/Tmut      19%        3d20      1%          5
 Summon Small Mammal      Summ           32%        N/A       4%          1
 Frozen Ramparts          Ice            16%        1d3       4%          3
 Sublimation of Blood     Necr           4%         N/A       6%          2
 Ozocubu's Armour         Ice            8%         N/A       13%         3
 Petrify                  Tmut/Erth      8%         N/A       38%         4
 Summon Ice Beast         Ice/Summ       8%         N/A       38%         4


Dungeon Overview and Level Annotations

Branches:
Dungeon (11/15)            Temple (0/1) D:4            Lair (3/6) D:11
  Swamp (0/4) Lair:2      Ossuary (visited)          Bailey (visited)
  Snake: Lair:2-4    Spider: Lair:2-4       Orc: D:9-12

Altars:
Ashenzari
Gozag
Hepliaklqana
Kikubaaqudgha
Makhleb
Ru
Trog
Vehumet
Xom
The Shining One

Shops:
D:5 [!((   D:6 !   D:7 *   D:8 [

Annotations:
Lair:2 1 runed translucent door, Hailok's ghost, journeyman MfGl


Innate Abilities, Weirdness & Mutations

You are amphibious.
You cover ground slowly.
You can hop long distances.
You have an extended range of vision and can be seen from far away.


Message History

The wolf bites you. The wolf closely misses you.
You barely miss the wolf.
The wolf is severely wounded.
The wolf bites you. You block the wolf's attack.
You hit the wolf. You burn the wolf!
You kill the wolf!
Vehumet accepts your kill.
The cane toad stings you but does no damage.
Casting: Searing Ray (safe; 1% risk of failure)
Confirm with . or Enter, or press ? or * to list all spells.
Aiming: Searing Ray (safe; 1% risk of failure)
Press: ? - help, Shift-Dir - straight line, f/p - wolf
Aim: a wolf (72% to hit)
The searing ray hits the cane toad!
The cane toad is lightly wounded.
The searing ray hits the wolf.
The wolf is moderately wounded. (Press . to maintain the ray.)
The cane toad stings you!
* * * LOW HITPOINT WARNING * * *
The searing ray hits the cane toad!
The cane toad is heavily wounded.
The searing ray misses the wolf.
The cane toad barely misses you.
The searing ray hits the cane toad!
The cane toad is almost dead.
The searing ray hits the wolf!
The wolf is severely wounded.
The cane toad stings you.
* * * LOW HITPOINT WARNING * * *
You are lethally poisoned!
The cane toad poisons you!
The searing ray hits the cane toad.
The cane toad is almost dead.
The searing ray hits the wolf.
The wolf is severely wounded.
You finish channelling your searing ray.
* * * LOW HITPOINT WARNING * * *
You feel very sick. The cane toad stings you!
You die...

.....# ......
##............
#.............
.#..# #.$.....
....## #......
...#.#.#......
.............. ###
..............##@#
..#...........hF##
#.♣ ...#P......##
.♣♣ .♣...#......#
♣# ♣##..........#
♣ ##..#.#...k.#
♣..P. #.#.##
♣..... #.... ♣♣
♣.P .....


You could see a cane toad and a wolf.

Vanquished Creatures
  3 hydras
  A boulder beetle (Lair:2)
  Pikel (D:8)
  2 ugly things (D:11)
  The ghost of ahrsahrtis the Slinger, a novice HaHu (D:6)
  Maurice (D:9)
  A gargoyle (D:11)
  6 black mambas
  Maggie (D:9)
  9 cane toads
  A rime drake (Lair:6)
  4 komodo dragons
  A polar bear (Lair:2)
  A troll (D:11)
  8 blink frogs
  A meliai zombie (D:11)
  Sigmund (D:5)
  A wraith (D:11)
  A basilisk (Lair:2)
  Eustachio (D:6)
  12 yaks
  Grum (D:8)
  2 wyverns
  4 vampire mosquitoes (Lair:2)
  Menkaure (D:4)
  5 water moccasins
  4 orc warriors
  3 ice beasts
  2 sky beasts
  3 black bears
  6 phantoms
  6 ogres
  11 wolves
  8 centaurs
  2 kobold brigands
  11 bullfrogs
  Blork the orc (D:4)
  A gnoll sergeant (D:8)
  2 scorpions
  14 killer bees
  16 wights
  An electric eel (Lair:3)
  6 howler monkeys (D:7)
  A quasit (D:10)
  A bullfrog zombie (D:6)
  5 hounds
  A gnoll shaman (D:8)
  4 orc wizards
  2 bullfrog skeletons
  2 jellies (D:5)
  8 orc priests
  A centaur skeleton (D:10)
  Jessica (D:3)
  Ijyb (D:5)
  2 iguanas
  6 removed worker ants
  2 hound zombies
  4 mummies (Ossuary)
  A hound skeleton (D:6)
  Robin (D:3)
  10 gnolls
  16 adders
  2 white imps
  3 ufetubi
  2 endoplasms
  An adder zombie (D:5)
  2 worms (D:2)
  3 dart slugs (D:2)
  35 orcs
  3 removed leopard geckos
  8 giant cockroaches
  5 gnoll zombies (Ossuary)
  22 goblins
  13 hobgoblins
  10 jackals
  12 kobolds
  6 quokkas
  5 ball pythons
  9 bats
  4 frilled lizards
  7 gnoll skeletons (Ossuary)
  2 goblin skeletons (Ossuary)
  6 goblin zombies (Ossuary)
  3 hobgoblin skeletons (Ossuary)
  3 hobgoblin zombies (Ossuary)
  2 jackal zombies
  5 kobold skeletons (Ossuary)
  3 kobold zombies (Ossuary)
  4 orc skeletons (Ossuary)
  3 orc zombies (Ossuary)
  A quokka skeleton (D:6)
  A quokka zombie (D:8)
  8 rats
  4 rat skeletons (Ossuary)
  5 rat zombies (Ossuary)
  1294 foxfires
  17 fungi
  15 plants
1765 creatures vanquished.

Notes
Turn   | Place    | Note
-------+----------+-------------------------------------------
     0 | D:1      | jfcaron the Barachi Fire Elementalist began the quest for
                  | the Orb.
     0 | D:1      | Reached XP level 1. HP: 13/13 MP: 3/3
   291 | D:1      | Reached XP level 2. HP: 19/19 MP: 1/5
  1114 | D:1      | Reached XP level 3. HP: 24/24 MP: 4/6
  1119 | D:1      | Learned a level 3 spell: Conjure Flame
  1456 | D:2      | Found a faded altar of an unknown god.
  1468 | D:2      | Became a worshipper of Vehumet
  1468 | D:2      | Reached * piety under Vehumet
  1468 | D:2      | Offered knowledge of Magic Dart by Vehumet.
  1471 | D:2      | Learned a level 1 spell: Magic Dart
  1827 | D:2      | Reached XP level 4. HP: 25/30 MP: 5/7
  2387 | D:2      | Reached ** piety under Vehumet
  2569 | D:2      | Offered knowledge of Searing Ray by Vehumet.
  2569 | D:2      | Reached XP level 5. HP: 35/35 MP: 6/9
  2579 | D:2      | Learned a level 2 spell: Searing Ray
  2668 | D:3      | Found a bloodstained altar of Trog.
  2702 | D:3      | Identified the +2 helmet of the Sea {*Drain Slay+6}
  2702 | D:3      | Noticed Robin
  2727 | D:3      | Killed Robin
  3101 | D:3      | Noticed Jessica
  3127 | D:3      | Killed Jessica
  3127 | D:3      | Offered knowledge of Static Discharge by Vehumet.
  3295 | D:3      | Found an ancient bone altar of Kikubaaqudgha.
  3426 | D:4      | Reached XP level 6. HP: 41/41 MP: 5/11
  3429 | D:4      | Noticed Menkaure
  3642 | D:4      | Found a staircase to the Ecumenical Temple.
  3723 | D:4      | Killed Menkaure
  3723 | D:4      | Reached skill level 5 in Conjurations
  3723 | D:4      | Reached skill level 5 in Fire Magic
  3907 | D:4      | Noticed Blork the orc
  3927 | D:4      | Killed Blork the orc
  3927 | D:4      | Reached XP level 7. HP: 41/46 MP: 9/13
  4646 | D:4      | Reached *** piety under Vehumet
  4846 | D:5      | Entered Level 5 of the Dungeon
  4862 | D:5      | Found Reejadgh's Armour Shoppe.
  5002 | D:5      | Reached XP level 8. HP: 51/52 MP: 12/14
  5020 | D:5      | Found Yschamubb's Distillery.
  5023 | D:5      | Bought a potion of heal wounds for 55 gold pieces
  5058 | D:5      | Noticed Ijyb
  5071 | D:5      | Killed Ijyb
  5130 | D:5      | Learned a level 5 spell: Fireball
  5214 | D:5      | Found a burning altar of Makhleb.
  5215 | D:5      | Found a broken altar of Ashenzari.
  5300 | D:5      | Found Ytzoawk's Antique Weapon Boutique.
  5313 | D:5      | Found Atrar's Antique Weapon Shop.
  5642 | D:5      | Noticed Sigmund
  5679 | D:5      | Killed Sigmund
  5726 | D:5      | Offered knowledge of Dazzling Flash by Vehumet.
  6223 | D:5      | Bought a potion of ambrosia for 88 gold pieces
  6223 | D:5      | Bought a potion of might for 44 gold pieces
  6252 | D:6      | Found Tishes's Distillery.
  6292 | D:6      | Found a sand-covered staircase.
  6296 | Ossuary  | Entered an ossuary
  6789 | Ossuary  | Reached **** piety under Vehumet
  7166 | Ossuary  | Offered knowledge of Frozen Ramparts by Vehumet.
  7969 | Ossuary  | Reached XP level 9. HP: 57/57 MP: 10/15
  8664 | D:6      | Bought a potion of lignification for 45 gold pieces
  8815 | D:6      | Noticed Eustachio
  8829 | D:6      | Killed Eustachio
  8829 | D:6      | Reached skill level 5 in Spellcasting
  9152 | D:5      | Learned a level 4 spell: Sticky Flame
  9233 | D:6      | Found a sacrificial altar of Ru.
  9239 | D:6      | Reached ***** piety under Vehumet
  9279 | D:6      | Found a runed translucent door.
  9285 | D:6      | Found an opulent altar of Gozag.
  9327 | D:6      | Reached skill level 1 in Armour
  9422 | D:6      | Noticed ahrsahrtis's ghost (novice HaHu)
  9433 | D:6      | Reached skill level 1 in Fighting
  9443 | D:6      | Killed ahrsahrtis's ghost
  9443 | D:6      | Offered knowledge of Iskenderun's Mystic Blast by Vehumet.
 10202 | D:7      | Reached skill level 5 in Fighting
 10287 | D:7      | Found an opulent altar of Gozag.
 10288 | D:7      | Found a hazy altar of Hepliaklqana.
 10376 | D:7      | Found Vumuapuc's Assorted Antiques.
 10382 | D:7      | Bought a scroll labelled NIBBAL SURAV for 26 gold pieces
 10382 | D:7      | Bought a scroll labelled LALAALOFOM for 26 gold pieces
 10382 | D:7      | Bought a scroll labelled NIBBAL SURAV for 26 gold pieces
 10594 | D:7      | Identified the cursed +3 fustibalus of the Enemy {venom,
                  | Fragile Int+2 SInv}
 10626 | D:8      | Noticed Grum
 10636 | D:7      | Reached XP level 10. HP: 19/74 MP: 4/17
 11054 | D:8      | Found a shimmering altar of Xom.
 11070 | D:8      | Killed Grum
 11227 | D:8      | Found Uqymoat's Armour Boutique.
 12434 | D:9      | Reached skill level 10 in Fire Magic
 12435 | D:9      | Reached skill level 10 in Conjurations
 12476 | D:9      | Noticed Pikel
 12476 | D:9      | Noticed Maggie
 12487 | D:9      | HP: 11/74 [Maggie/+1 vorpal war axe (5)]
 12489 | D:9      | Killed Maggie
 12506 | D:8      | Killed Pikel
 12546 | D:9      | Found a flagged portal.
 12566 | Bailey   | Entered a bailey
 12877 | D:9      | Noticed Maurice
 12904 | D:9      | Killed Maurice
 13021 | D:9      | Found a glowing golden altar of the Shining One.
 13141 | D:9      | Offered knowledge of Ozocubu's Refrigeration by Vehumet.
 13295 | D:10     | Entered Level 10 of the Dungeon
 13549 | D:10     | Reached XP level 11. HP: 79/79 MP: 14/20
 14521 | D:11     | HP: 15/79 [meliai zombie (2)]
 15737 | D:11     | Noticed a white ugly thing
 15743 | D:11     | Killed a white ugly thing
 16154 | D:11     | Found a staircase to the Lair.
 16154 | D:11     | Noticed a purple ugly thing
 16166 | D:11     | Killed a purple ugly thing
 16553 | Lair:1   | Entered Level 1 of the Lair of Beasts
 16621 | Lair:1   | Offered knowledge of Lightning Bolt by Vehumet.
 17177 | Lair:1   | Reached skill level 1 in Shields
 17452 | Lair:1   | Reached XP level 12. HP: 87/87 MP: 11/23
 17525 | Lair:1   | HP: 23/132 [yak (6)]
 17970 | Lair:1   | Got a dazzling demon trident
 18106 | Lair:1   | Identified the +8 demon trident of Reapportionment {flame,
                  | rF+ SInv} (You found it on level 1 of the Lair of Beasts)
 18135 | Lair:2   | Found a runed translucent door.
 18136 | Lair:2   | Upgraded the game from 0.26-a0-812-g31a745ddcd to
                  | 0.28-a0-662-g1651b1f1e0
 18136 | Lair:2   | Upgraded the game from 0.28-a0-662-g1651b1f1e0 to
                  | 0.28-a0-664-gc179e30c89
 18245 | Lair:2   | Noticed a six-headed hydra
 18247 | Lair:2   | Found a shimmering altar of Xom.
 18248 | Lair:2   | Noticed Hailok's ghost (journeyman MfGl)
 18256 | Lair:2   | Killed a six-headed hydra
 18484 | Lair:2   | Found a staircase to the Swamp.
 18590 | Lair:2   | Learned a level 1 spell: Apportation
 18592 | Lair:2   | Learned a level 1 spell: Animate Skeleton
 18722 | Lair:2   | Noticed a boulder beetle
 18735 | Lair:2   | Killed a boulder beetle
 20527 | Lair:3   | Noticed a five-headed hydra
 20531 | Lair:3   | Killed a five-headed hydra
 20669 | Lair:3   | You fall into a shaft and drop 3 floors!
 20669 | Lair:6   | Entered Level 6 of the Lair of Beasts
 20862 | Lair:6   | Gained mutation: You can hop long distances. [Barachi
                  | growth]
 20862 | Lair:6   | Reached XP level 13. HP: 96/96 MP: 22/25
 21043 | Lair:6   | HP: 17/96 [rime drake/flash freeze (9)]
 21047 | Lair:6   | HP: 1/96 [rime drake/flash freeze (16)]
 21144 | Lair:6   | HP: 19/96 [cane toad (14)]
 21147 | Lair:6   | Slain by a cane toad

Illustrated notes

Levels and vault maps discovered:
D:1:      minmay_arrival_split_and_join, layout_basic
D:2:      layout_basic, chequers_ecumenical_altar_simple_redux, moated_statue
D:3:      layout_rooms, kiku_gazebo_pond_becter, lemuel_crystal_altar,
          kennysheep_jessica_study, uniq_robin
D:4:      layout_loops_ring, minmay_temple_entry_stoned_glass,
          corexii_hall_statues_s, minmay_goblin_outpost, uniq_blork_the_orc,
          uniq_menkaure
D:5:      minmay_razor_zed, layout_basic,
          chequers_temple_overflow_statue_of_worship, serial_shops,
          kennysheep_mini, shop, nicolae_shop_crystal, shop, uniq_ijyb,
          uniq_sigmund
D:6:      layout_gridville, nicolae_ru_great_annihilating_truth,
          ebering_ghost_sewer_d, nicolae_ossuary_entry_plus, serial_shops, shop,
          nicolae_gozag_seed_capital, uniq_eustachio
D:7:      layout_gridville, gammafunk_temple_overflow_statue, serial_shops,
          shop_statue
D:8:      layout_loops_ring, nicolae_overflow_hidden_temple, serial_shops, shop,
          uniq_grum
D:9:      layout_big_octagon, lemuel_crystal_altar, enter_bailey_3,
          uniq_maurice, uniq_pikel, uniq_maggie
D:10:     layout_cave_pods, chequers_serial_rivers_micro_e
D:11:     layout_rooms, lair_entry_dummy, gauntlet_entry_generic,
          grunt_decor_one_mirror
Lair:1:   layout_concentric_octagons, chequers_serial_rivers_large_a,
          st_stairs_10, infiniplex_staircase_pool_2
Lair:2:   layout_cave_pods, minmay_swamp_entry_swarm, ebering_ghost_xom,
          st_stairs_8, hangedman_lair_generics_rect
Lair:3:   nzn_winding_woodlands_medium [nzn_winding_woodlands_5x5_checkerboard,
          nzn_winding_woodlands_5x15_default, nzn_winding_woodlands_5x5_cross,
          nzn_winding_woodlands_5x5_default,
          nzn_winding_woodlands_center_pierced_h,
          nzn_winding_woodlands_hourglass, nzn_winding_woodlands_5x5_default,
          nzn_winding_woodlands_5x15_zeroes,
          nzn_winding_woodlands_5x5_perimeter], layout_gridlike,
          serial_bayou_shore_b, lemuel_fruit_tree, uniq_sonja, uniq_gastronok
Lair:6:   hellmonk_lair_end_abyssal_woods, layout_layer_cave,
          nicolae_slime_entry_slimehenge, grunt_megastairs_5

Skill      XL: |  1  2  3  4  5  6  7  8  9 10 11 12 |
---------------+-------------------------------------+-----
Stealth        | 2 |  2.0
Conjurations   | 2 3 4 5 6 8 9 11 12 14 | 14.6
Fire Magic     | 4 5 6 8 9 11 12 14 | 14.6
Spellcasting   | 3 4 5 6 7 8 |  8.0
Armour         | 4 |  4.4
Fighting       | 5 7 |  7.0
Shields        | 4 |  4.0
Dodging        | |  2.1

Action                   |  1- 3 |  4- 6 |  7- 9 | 10-12 | 13-15 || total
-------------------------+-------+-------+-------+-------+-------++-------
Melee: Short sword       |    14 |    13 |    23 |    19 |       ||    69
       Staff             |       |       |       |   102 |    22 ||   124
Throw: Stone             |       |       |     3 |     2 |       ||     5
 Cast: Foxfire           |    45 |    71 |   179 |   476 |     4 ||   775
       Magic Dart        |       |    15 |     8 |       |       ||    23
       Conjure Flame     |       |     8 |    17 |     1 |     2 ||    28
       Searing Ray       |       |     4 |    27 |    17 |     4 ||    52
       Fireball          |       |       |     8 |    65 |     4 ||    77
       Sticky Flame      |       |       |     1 |    33 |     1 ||    35
       Animate Skeleton  |       |       |       |     1 |       ||     1
 Abil: Shaft Self        |     3 |     1 |     8 |     8 |       ||    20
Evoke: Wand              |       |     4 |     4 |    13 |     3 ||    24
  Use: Scroll            |     3 |     2 |     6 |     6 |     1 ||    18
       Potion            |       |       |       |     3 |     1 ||     4
 Stab: Sleeping          |     2 |       |       |       |       ||     2
       Paralysed         |       |       |     3 |     2 |     7 ||    12
Armor: Robe              |     5 |     1 |    11 |       |       ||    17
       Leather armour    |       |       |     8 |   102 |    10 ||   120
       Skin              |       |       |       |    24 |       ||    24
Dodge: Dodged            |    13 |    17 |    40 |   157 |    17 ||   244
Block: Buckler           |       |       |       |    22 |     8 ||    30

Table legend: (Time is in decaauts)
 A = Elapsed time spent in this place.
 B = Non-inter-level travel time spent in this place.
 C = Inter-level travel time spent in this place.
 D = Time resting spent in this place.
 E = Time spent auto-exploring this place.
 F = Levels seen in this place.
 G = Mean time per level.
                   A        B        C        D        E       F      G
               +--------+--------+--------+--------+--------+-----+--------+
         Total |  23001 |  22251 |    750 |   9794 |   8241 |  17 | 1353.0 |
       Dungeon |  15613 |  14903 |    710 |   5809 |   6283 |  11 | 1419.4 |
          Lair |   4997 |   4957 |     40 |   2237 |   1957 |   4 | 1249.2 |
       Ossuary |   2384 |   2384 |      0 |   1748 |      0 |   1 | 2384.0 |
        Bailey |      5 |      5 |      0 |      0 |      0 |   1 |    5.0 |
               +--------+--------+--------+--------+--------+-----+--------+

Top non-repeatable levels by time:
 Ossuary: 2384 daAuts
  Lair:2: 2300 daAuts
    D:10: 2152 daAuts
  Lair:1: 1987 daAuts
     D:8: 1654 daAuts
     D:4: 1590 daAuts
     D:5: 1572 daAuts
     D:6: 1541 daAuts
     D:1: 1504 daAuts
     D:2: 1417 daAuts
    D:11: 1352 daAuts
     D:7: 1050 daAuts
     D:9: 945 daAuts
     D:3: 831 daAuts
  Lair:6: 498 daAuts
